 Dungeon Crawl Stone Soup version 0.28-a0-1506-g3893175d92 (webtiles) character file.

Game seed: 13925929806063524583

8 knot the Chopper (level 2, 13/24 HPs)
             Began as a Demonspawn Berserker on Jan 13, 2022.
             Was a Follower of Trog.
             Quit the game on level 2 of the Dungeon on Jan 14, 2022.
             The game lasted 00:00:45 (494 turns).

knot the Chopper (Demonspawn Berserker)              Turns: 494, Time: 00:00:46

Health: 13/24      AC:  8    Str: 17    XL:     2   Next: 0%
Magic:  2/2        EV: 10    Int:  8    God:    Trog [*.....]
Gold:   11         SH:  0    Dex: 12    Spells: 1/1 levels left

rFire   + . .      SeeInvis .   a - +0 hand axe
rCold   . . .      Faith    .   (no shield)
rNeg    . . .      Spirit   .   d - +1 scale mail {rF+}
rPois   .          Reflect  .   b - +0 helmet
rElec   .          Harm     .   (no cloak)
rCorr   .          Rampage  .   (no gloves)
Will    .....                   (no boots)
Stlth   ..........              (no amulet)
HPRegen 0.08/turn               (no ring)
MPRegen 0.08/turn               (no ring)

@: no status effects
A: spiny 1
a: Renounce Religion, Berserk


You were on level 2 of the Dungeon.
You worshipped Trog.
Trog was aware of your devotion.
You visited 1 branch of the dungeon, and saw 2 of its levels.

You collected 11 gold pieces.

Inventory:

Hand Weapons
 a - a +0 hand axe (weapon)
Armour
 b - a +0 helmet (worn)
 d - a +1 scale mail of fire resistance (worn)
Scrolls
 c - a scroll of vulnerability {unknown}
 e - a scroll of enchant weapon {unknown}


   Skills:
 - Level 3.0 Fighting
 + Level 3.2 Axes
 - Level 1.7 Armour
 - Level 1.7 Dodging


You had one spell level left.
You didn't know any spells.
Your spell library contained the following spells:

 Spells                   Type           Power      Damage    Failure   Level
 Magic Dart               Conj           0%         1d3       83%         1
 Call Imp                 Summ           0%         N/A       92%         2
 Mephitic Cloud           Conj/Pois/Air  0%         N/A       99%         3


Dungeon Overview and Level Annotations

Branches:
Dungeon (1/15)

Altars:


Innate Abilities, Weirdness & Mutations

You are partially covered in sharp spines.


Message History

The bat closely misses you. x2
You closely miss the bat. The bat closely misses you.
The bat hits you but does no damage.
You hit the bat but do no damage. The bat closely misses you.
The bat hits you but does no damage.
You slash the bat!
You kill the bat!
Trog accepts your kill.
No target in view!
You see here a +0 helmet.
b - a +0 helmet You start putting on your armour.
You continue putting on your +0 helmet. x4
You finish putting on your +0 helmet.
e - a scroll labelled WOROES COENN You now have 11 gold pieces.
A quokka comes into view.
A sourceless malevolence fills the Dungeon...
You fall into a shaft and drop 1 floor!
The shaft crumbles and collapses.
A kobold and a rat come into view.
The kobold shouts!
You hit the kobold.
The kobold is severely wounded.
You completely miss the rat. The kobold hits you with a +0 club.
The rat bites you. The kobold hits you with a +0 club.
You closely miss the kobold.
The kobold is severely wounded.
You hit the rat. The rat misses you. The kobold hits you with a +0 club.
You barely miss the kobold.
The kobold is severely wounded.
You barely miss the rat. The rat bites you but does no damage.
The kobold misses you.
You hit the kobold.
You kill the kobold!
Trog accepts your kill.
You closely miss the rat. The rat bites you but does no damage.
You have reached level 2!
Your demonic ancestry asserts itself...
Sharp spines emerge from parts of your body.
Are you sure you want to abandon this character and quit the game? (Confirm with "yes".)

#.#########
#.........#
#########.#
#.# #.# #
#.# .# #.#
# ###.#
#.###.#.).#
#...#.#@###
###.#...r.#
#.###.#.#
#.....#...
####### ###


You could see a rat.

Vanquished Creatures
  2 bats (D:1)
  2 endoplasms (D:1)
  A hobgoblin (D:1)
  A kobold (D:2)
  2 rats (D:1)
8 creatures vanquished.

Notes
Turn   | Place    | Note
-------+----------+-------------------------------------------
     0 | D:1      | knot the Demonspawn Berserker began the quest for the Orb.
     0 | D:1      | Reached XP level 1. HP: 18/18 MP: 1/1
     0 | D:1      | Upgraded the game from 0.28-a0-1493-g08698888e4 to
                  | 0.28-a0-1506-g3893175d92
   454 | D:1      | You fall into a shaft and drop 1 floor!
   494 | D:2      | Gained mutation: You are partially covered in sharp spines.
                  | [demonic ancestry]
   494 | D:2      | Reached XP level 2. HP: 13/24 MP: 2/2
   494 | D:2      | Quit the game

Illustrated notes

Levels and vault maps discovered:
D:1:      dpeg_arrival_rhombus, layout_loops_corners, basic_ecumenical_altar,
          minmay_misc_feat_more_columns, hangedman_decor_growths,
          minmay_tetromino_i4
D:2:      layout_basic

Skill      XL: |  1 |
---------------+----+-----
Axes           | 3 |  3.2
Fighting       | |  3.0
Armour         | |  1.7
Dodging        | |  1.7

Action                   || total
-------------------------++-------
Melee: Hand axe          ||    27
Invok: Berserk           ||     1
Armor: Scale mail        ||    17
Dodge: Dodged            ||    22

Table legend: (Time is in decaauts)
 A = Elapsed time spent in this place.
 B = Non-inter-level travel time spent in this place.
 C = Inter-level travel time spent in this place.
 D = Time resting spent in this place.
 E = Time spent auto-exploring this place.
 F = Levels seen in this place.
 G = Mean time per level.
                   A        B        C        D        E       F      G
               +--------+--------+--------+--------+--------+-----+--------+
         Total |    508 |    508 |      0 |    168 |    255 |   2 |  254.0 |
       Dungeon |    508 |    508 |      0 |    168 |    255 |   2 |  254.0 |
               +--------+--------+--------+--------+--------+-----+--------+

Top non-repeatable levels by time:
     D:1: 468 daAuts
     D:2: 40 daAuts
